 Dungeon Crawl Stone Soup version 0.28.0 (webtiles) character file.

Game seed: 14771278030548622498

3894 zureal the Cleaver (level 10, -28/91 HPs)
             Began as a Minotaur Berserker on Feb 13, 2022.
             Was an Elder of Trog.
             Annihilated by a very large slime creature (41 damage)
             ... on level 8 of the Dungeon.
             The game lasted 00:20:02 (7095 turns).

zureal the Cleaver (Minotaur Berserker)             Turns: 7095, Time: 00:20:03

Health: -28/91     AC: 20    Str: 26    XL:     10   Next: 0%
Magic:  9/9        EV: 12    Int:  4    God:    Trog [****..]
Gold:   402        SH:  0    Dex: 10    Spells: 9/9 levels left

rFire   . . .      SeeInvis .   a - +0 hand axe (flame)
rCold   . . .      Faith    .   (no shield)
rNeg    . . .      Spirit   .   r - +0 plate armour
rPois   .          Reflect  .   (helmet restricted)
rElec   .          Harm     .   i - +0 cloak
rCorr   .          Rampage  .   m - +0 pair of gloves
Will    .....                   h - +2 pair of boots
Stlth   ..........              (no amulet)
HPRegen 0.25/turn               y - +4 ring of evasion
MPRegen 0.11/turn               (no ring)

@: about to teleport
A: horns 2, retaliatory headbutt
a: Renounce Religion, Berserk, Trog's Hand, Brothers in Arms


You were on level 8 of the Dungeon.
You worshipped Trog.
Trog was greatly pleased with you.
You visited 1 branch of the dungeon, and saw 8 of its levels.

You collected 402 gold pieces.

Inventory:

Hand Weapons
 a - a +0 hand axe of flaming (weapon)
 b - a +0 shortbow
Missiles
 d - 240 stones
 f - 3 boomerangs (quivered)
 s - 34 arrows
Armour
 h - a +2 pair of boots (worn)
 i - a +0 cloak (worn)
 m - a +0 pair of gloves (worn)
 n - a +0 chain mail
 r - a +0 plate armour (worn)
Jewellery
 y - a +4 ring of evasion (left hand)
Wands
 x - a wand of digging (4)
Scrolls
 g - 2 scrolls of teleportation
 q - a scroll of fear
 v - 2 scrolls of magic mapping
 w - a scroll of identify
Potions
 c - 6 potions of curing
 e - 2 potions of mutation {unknown}
 j - 2 potions of flight
 k - a potion of resistance
 l - a potion of heal wounds
 o - a potion of lignification
 p - a potion of ambrosia
 t - a potion of magic {unknown}
 z - a potion of brilliance {unknown}


   Skills:
 + Level 9.3 Fighting
 + Level 9.4 Axes
 + Level 5.8 Bows
 - Level 4.5 Throwing
 + Level 9.0 Armour
 - Level 2.1 Dodging


You had 9 spell levels left.
You didn't know any spells.
Your spell library was empty.

Dungeon Overview and Level Annotations

Branches:
Dungeon (8/15)             Temple (0/1) D:7            Lair (0/6) D:8

Altars:
Elyvilon
Gozag
Okawaru
Qazlal
Wu Jian

Shops:
D:1 *


Innate Abilities, Weirdness & Mutations

You have a pair of horns on your head.
You reflexively headbutt those who attack you in melee.


Message History

You hit the slime creature but do no damage.
Two slime creatures merge to form a large slime creature.
The hornet zombie hits you but does no damage.
You hit the hornet zombie. You burn the hornet zombie.
The hornet zombie is almost destroyed.
You hit the large slime creature. You burn the large slime creature.
The large slime creature hits you!!
The hornet zombie hits you but does no damage.
You hit the hornet zombie. You burn the hornet zombie.
Your headbutt misses the hornet zombie.
The hornet zombie is almost destroyed.
You hit the large slime creature. You burn the large slime creature.
Two slime creatures merge to form a very large slime creature.
The hornet zombie hits you.
A slime creature comes into view.
You hit the hornet zombie. You burn the hornet zombie.
You destroy the hornet zombie!
Trog accepts your kill.
You hit the very large slime creature. You burn the very large slime creature.
Your Armour skill increases to level 9!
You have reached level 10!
As you read the scroll of teleportation, it crumbles to dust.
You feel strangely unstable.
The very large slime creature barely misses you.
You furiously retaliate!
You headbutt the very large slime creature.
You hit the slime creature. You burn the slime creature.
You headbutt the slime creature!
The slime creature is moderately wounded.
You hit the very large slime creature. You burn the very large slime creature.
The slime creature hits you but does no damage.
The very large slime creature hits you!!
* * * LOW HITPOINT WARNING * * *
You slash the slime creature! You burn the slime creature.
You headbutt the slime creature.
The slime creature is heavily wounded.
You hit the very large slime creature. You burn the very large slime creature.
The slime creature hits you but does no damage.
The very large slime creature hits you!!!
You die...

.......)).###..#.#.#
..........# #......#
..........# ####.###
..........# #.#
..#.......# #.# .
#.......# #.#
######### ###.#
######### #...# ##
#..J@J..# #.### ..
#.#####.# #.# #.
####.#####.# ##J
#.J........#
..#...##.##.#######
#........##.#
#####<......#
#########


You could see a very large slime creature and a slime creature.

Vanquished Creatures
  Pikel (D:6)
  A komodo dragon (D:8)
  Grinder (D:6)
  A slime creature (D:8)
  A steam dragon (D:6)
  Menkaure (D:5)
  A water moccasin (D:8)
  2 hornet zombies
  A sky beast (D:7)
  2 orc warriors
  A black bear (D:7)
  3 ice beasts
  A centaur (D:5)
  An ogre (D:6)
  2 bullfrogs (D:8)
  5 killer bees (D:5)
  A water moccasin skeleton (D:4)
  3 wights (D:7)
  2 centaur zombies
  2 bullfrog zombies
  Crazy Yiuf (D:5)
  A hound (D:4)
  A gnoll shaman (D:7)
  2 orc priests
  A jelly (D:5)
  A bullfrog skeleton (D:4)
  Jessica (D:2)
  An iguana (D:4)
  7 orc wizards
  A scorpion zombie (D:5)
  6 adders
  16 gnolls
  A howler monkey skeleton (D:7)
  An ufetubus (D:7)
  An adder skeleton (D:4)
  2 worms
  2 dart slugs
  27 orcs
  4 ball pythons
  4 endoplasms
  5 giant cockroaches
  9 goblins
  5 hobgoblins
  2 jackals (D:5)
  5 quokkas
  8 bats
  9 frilled lizards (D:3)
  9 kobolds
  8 rats
174 creatures vanquished.

Vanquished Creatures (others)
  12 plants
12 creatures vanquished.

Grand Total: 186 creatures vanquished

Notes
Turn   | Place    | Note
-------+----------+-------------------------------------------
     0 | D:1      | zureal the Minotaur Berserker began the quest for the Orb.
     0 | D:1      | Reached XP level 1. HP: 19/19 MP: 0/0
   395 | D:1      | Reached XP level 2. HP: 27/27 MP: 1/1
   542 | D:1      | Found a faded altar of an unknown god.
   593 | D:1      | Found Opeaqah's General Store.
   711 | D:2      | Reached skill level 1 in Throwing
   765 | D:2      | Reached XP level 3. HP: 33/33 MP: 2/2
   897 | D:2      | Noticed Jessica
   916 | D:2      | Killed Jessica
   946 | D:2      | Reached XP level 4. HP: 36/40 MP: 3/3
  1290 | D:3      | Reached ** piety under Trog
  1385 | D:3      | Found an ornate altar of the Wu Jian Council.
  1436 | D:3      | Found a white marble altar of Elyvilon.
  1724 | D:3      | Found an opulent altar of Gozag.
  1752 | D:3      | Found an iron altar of Okawaru.
  1948 | D:3      | Reached XP level 5. HP: 47/47 MP: 4/4
  2365 | D:4      | Reached skill level 5 in Axes
  2368 | D:4      | Reached *** piety under Trog
  2423 | D:4      | Reached skill level 5 in Fighting
  2456 | D:4      | Reached XP level 6. HP: 53/56 MP: 5/5
  3178 | D:5      | Entered Level 5 of the Dungeon
  3236 | D:5      | Noticed Menkaure
  3243 | D:5      | Killed Menkaure
  3244 | D:5      | Reached skill level 5 in Armour
  3244 | D:5      | Reached XP level 7. HP: 62/62 MP: 6/6
  3830 | D:5      | Reached XP level 8. HP: 31/71 MP: 7/7
  3833 | D:5      | Reached **** piety under Trog
  4389 | D:5      | Found a runed translucent door.
  4390 | D:5      | Noticed Crazy Yiuf
  4396 | D:5      | Killed Crazy Yiuf
  4559 | D:6      | Noticed Pikel
  4570 | D:6      | Killed Pikel
  4716 | D:6      | Noticed Grinder
  4730 | D:6      | Killed Grinder
  4731 | D:6      | Reached XP level 9. HP: 66/81 MP: 8/8
  6467 | D:7      | Found a staircase to the Ecumenical Temple.
  6613 | D:8      | Reached skill level 5 in Bows
  6810 | D:8      | Found a stormy altar of Qazlal.
  6865 | D:8      | Found a staircase to the Lair.
  6866 | D:8      | Noticed a komodo dragon
  6897 | D:8      | Killed a komodo dragon
  7092 | D:8      | Reached XP level 10. HP: 45/91 MP: 9/9
  7095 | D:8      | Annihilated by a very large slime creature

Illustrated notes

Levels and vault maps discovered:
D:1:      denvon_arrival_waterhouse, layout_rooms, serial_shops,
          nicolae_shop_statue_plus, hellmonk_ecumenical_altar_inner_sanctum
D:2:      layout_rooms, uniq_jessica
D:3:      minmay_diamond_boxcup, layout_basic, nzn_wu_jian_council_hall,
          nicolae_elyvilon_peaceful_grove, mainiacjoe_overflow_two_lobes,
          minmay_lizard_king
D:4:      layout_cave_pods, nrook_loot_triangle
D:5:      layout_basic, uniq_menkaure, uniq_crazy_yiuf_cottage
D:6:      layout_rooms, uniq_grinder, uniq_pikel
D:7:      layout_basic, minmay_temple_entry_fiery, kennysheep_generic_room_14
D:8:      layout_loops_cross, mainiacjoe_overflow_boulevard,
          david_lair_shrubbed, bh_walls_and_bars

Skill      XL: |  1  2  3  4  5  6  7  8  9 |
---------------+----------------------------+-----
Fighting       | 4 5 6 7 9 |  9.3
Axes           | 4 5 6 7 9 |  9.4
Throwing       | 1 2 3 4 |  4.5
Armour         | 3 4 5 7 9 |  9.0
Bows           | 3 5 |  5.8
Dodging        | |  2.1

Action                   |  1- 3 |  4- 6 |  7- 9 | 10-12 || total
-------------------------+-------+-------+-------+-------++-------
Melee: Hand axe          |    43 |   144 |   293 |     2 ||   482
       Headbutt          |     8 |    24 |    60 |     2 ||    94
       Punch             |     1 |     2 |     2 |       ||     5
 Fire: Shortbow          |       |       |     3 |       ||     3
Throw: Stone             |     9 |       |       |       ||     9
Invok: Berserk           |       |     1 |     3 |       ||     4
       Trog's Hand       |       |     1 |     1 |       ||     2
  Use: Scroll            |       |    10 |     4 |     1 ||    15
       Potion            |       |     1 |     1 |       ||     2
Armor: Animal skin       |     8 |     7 |       |       ||    15
       Plate armour      |       |    81 |   196 |     2 ||   279
       Chain mail        |       |     6 |       |       ||     6
Dodge: Dodged            |    31 |    55 |   102 |     1 ||   189
